[Event "Early-Titled-Tuesday-Blitz-February-20-2024"]
[Site "Chess.com"]
[Date "2024.02.20"]
[Round "10"]
[White "DenLaz"]
[Black "Nikolakis2014"]
[Result "1-0"]
[WhiteElo "3023"]
[BlackElo "2745"]
[TimeControl "180+1"]
[EndTime "9:57:38 PST"]
[Termination "DenLaz won by resignation"]

1. d4 Nf6 2. c4 e6 3. Nf3 d5 4. g3 Be7 5. Bg2 O-O 6. O-O c6 7.
Qc2 b6 8. Rd1 Ba6 9. b3 Nbd7 10.
Nbd2 Rc8 11. e4 c5 12. exd5 exd5 13. Bb2 Re8 14. Qf5 g6 15. Qf4 cxd4 16. Nxd4 Nc5 17. N2f3 Nfe4 18. cxd5 Bd6 19. Qh6 Bf8 20. Qf4 Nd3 21.
Rxd3 Bxd3 22. Rd1 Bc2 23. Rc1 Bd3 24. Rxc8 Qxc8 25. Nc6 Qf5 26. Qxf5 gxf5 27. Nfe5 Nc5 28. b4 f6 29. bxc5 fxe5 30. d6 Bb5 31. d7 Bxc6 32.
Bxc6 Rd8 33. Bd5+ Kg7 34. Bxe5+ Kg6 35. c6 1-0

[Event "Early-Titled-Tuesday-Blitz-February-20-2024"]
[Site "Chess.com"]
[Date "2024.02.20"]
[Round "10"]
[White "dmosesov"]
[Black "angelgab3"]
[Result "0-1"]
[WhiteElo "2610"]
[BlackElo "2774"]
[TimeControl "180+1"]
[EndTime "9:57:38 PST"]
[Termination "angelgab3 won on time"]

1. Nf3 d5 2. c4 e6 3. g3 Nf6 4. Bg2 d4 5. O-O c5 6. e3 Nc6 7.
exd4 cxd4 8. d3 Bd6 9. a3 a5 10. Bg5 h6 11. Bxf6 Qxf6 12. Nbd2 Qd8 13. Rc1 O-O 14.
c5 Bc7 15. Re1 e5 16. Nc4 Re8 17.
b4 axb4 18. axb4 Nxb4 19. Nfxe5 Na2 20. Qh5 Rf8 21. Rb1 Nc3 22. Rb2 Qe7 23. Bxb7 Bxb7 24. Rxb7 Qxc5 25. Qf3 Rae8 26. Qf4 f6 27. Qg4 fxe5 28.
Ra1 Re7 29. Raa7 Nb5 0-1

[Event "Early-Titled-Tuesday-Blitz-February-20-2024"]
[Site "Chess.com"]
[Date "2024.02.20"]
[Round "10"]
[White "Hikaru"]
[Black "Zhigalko_Sergei"]
[Result "1-0"]
[WhiteElo "3259"]
[BlackElo "2935"]
[TimeControl "180+1"]
[EndTime "9:57:41 PST"]
[Termination "Hikaru won by checkmate"]

1. h3 d5 2. Nf3 c5 3. c4 d4 4. e3 Nc6 5. exd4 cxd4 6. Bd3 e5 7.
O-O Bd6 8. Re1 Nge7 9. Be4 O-O 10. d3 f5 11. Bxc6 Nxc6 12. a3 a5 13. Nbd2 Qf6 14.
Rb1 Kh8 15. Qe2 Bd7 16. b3 Rae8 17. Bb2 Qg6 18. Nh4 Qh6 19. Nhf3 Re6 20. Nf1 Rg6 21. Kh1 Rff6 22. Bc1 f4 23. N1h2 Rf5 24. Rg1 Rh5 25.
b4 axb4 26. axb4 Ne7 27. Ra1 Kg8 28. Ra8+ Kf7 29. b5 Nf5 30. Ba3 Bc7 31. Rf8+ Ke6 32.
Qe4 Ne7 33. Nxd4# 1-0

[Event "Early-Titled-Tuesday-Blitz-February-20-2024"]
[Site "Chess.com"]
[Date "2024.02.20"]
[Round "10"]
[White "SahibSinghKnight"]
[Black "koncheto"]
[Result "1-0"]
[WhiteElo "2574"]
[BlackElo "2424"]
[TimeControl "180+1"]
[EndTime "9:57:43 PST"]
[Termination "SahibSinghKnight won by resignation"]

1. e4 c5 2. Nf3 d6 3. d4 cxd4 4.
Nxd4 Nf6 5. Nc3 Nc6 6. Bg5 e6 7. Qd2 a6 8. O-O-O Bd7 9. f4 h6 10. Bxf6 Qxf6 11. e5 dxe5 12. Ndb5 Qd8 13. Nd6+ Bxd6 14.
Qxd6 exf4 15. Ne4 Qe7 16. Qc7 b5 17. Nd6+ Kf8 18. Nxf7 Be8 19. Qxe7+ Kxe7 20. Nxh8 Bh5 21. Re1 Rxh8 22. Be2 Bf7 23. c3 Kf6 24. Rhf1 g5 25. g3 e5 26. Bf3 Ne7 27. gxf4 exf4 28. b3 Nf5 29. Bg4 Bg6 30. Kb2 h5 31. Bxf5 Bxf5 32. h4 Rd8 33. hxg5+ Kxg5 34. Rf2 Bg4 35. Re5+ Kh4 36.
Rxf4 Kg3 37. Rf6 Rd3 38. Rg6 Rf3 39. Rxh5 1-0

[Event "Early-Titled-Tuesday-Blitz-February-20-2024"]
[Site "Chess.com"]
[Date "2024.02.20"]
[Round "10"]
[White "campochess"]
[Black "Kapitan_Bayan"]
[Result "1-0"]
[WhiteElo "2154"]
[BlackElo "2314"]
[TimeControl "180+1"]
[EndTime "9:57:43 PST"]
[Termination "campochess won by resignation"]

1. Nc3 d5 2. d4 Nf6 3. Bf4 a6 4. e3 g6 5. Nf3 Bg7 6. Be2 c5 7. dxc5 O-O 8. O-O Nbd7 9. Nxd5 Nxc5 10. Nc7 Ra7 11. c4 Nh5 12. Be5 Bxe5 13. Qxd8 Bxh2+ 14. Kxh2 Rxd8 15. Rfd1 Bd7 16. Nd5 e6 17. Nb6 Nf6 18. Ne5 a5 19. Rd4 Ra6 20. Nbxd7 Nfxd7 21. Rad1 Nxe5 22. Rxd8+ Kg7 23. f4 Nc6 24. R8d2 Rb6 25. b3 Ne4 26. Rd7 Nc3 27. R1d2 Ne4 28. Rb2 Nb8 29. Rd4 f5 30. Bf3 Nc6 31. Rd7+ Kh6 32. g4 fxg4 33. Bxe4 1-0

[Event "Early-Titled-Tuesday-Blitz-February-20-2024"]
[Site "Chess.com"]
[Date "2024.02.20"]
[Round "10"]
[White "rcmz"]
[Black "cmunda"]
[Result "1-0"]
[WhiteElo "2193"]
[BlackElo "2120"]
[TimeControl "180+1"]
[EndTime "9:57:43 PST"]
[Termination "rcmz won on time"]

1. b4 e5 2. Bb2 Bxb4 3. Bxe5 Nf6 4. c4 Nc6 5. Bb2 O-O 6. Nf3 Re8 7. e3 d5 8. cxd5 Nxd5 9. Be2 Bg4 10. O-O Bd6 11.
d4 Re6 12. h3 Bxh3 13. gxh3 Rg6+ 14. Kh1 Qd7 15. Ng1 Qf5 16. Bg4 Qg5 17. Qf3 Nf6 18. Bf5 Rh6 19. Nd2 g6 20. Bd3 Re8 21. Ne4 Nxe4 22.
Bxe4 Re6 23. Bxc6 bxc6 24. Qg2 Qh5 25. Rac1 c5 26. dxc5 Bxc5 27. Qa8+ Bf8 28. Rxc7 Qa5 29. Rc8 1-0

[Event "Early-Titled-Tuesday-Blitz-February-20-2024"]
[Site "Chess.com"]
[Date "2024.02.20"]
[Round "10"]
[White "Skatchkov_V"]
[Black "Witik"]
[Result "1-0"]
[WhiteElo "2641"]
[BlackElo "2772"]
[TimeControl "180+1"]
[EndTime "9:57:44 PST"]
[Termination "Skatchkov_V won on time"]

1. d4 Nf6 2. c4 e6 3. Nf3 Bb4+ 4. Nbd2 b6 5. a3 Bxd2+ 6. Qxd2 Bb7 7. e3 d6 8. Be2 Nbd7 9. b4 O-O 10. O-O Ne4 11. Qc2 f5 12. d5 exd5 13. Nd4 Qf6 14. cxd5 Bxd5 15. f3 Ng5 16. Bb2 Qg6 17. Bc4 Bxc4 18. Qxc4+ Kh8 19. Qxc7 Ne5 20. Rad1 f4 21. e4 Rac8 22.
Qb7 h6 23. Kh1 Rcd8 24. Nf5 Rf7 25. Qd5 Qf6 26. Bxe5 1-0

[Event "Early-Titled-Tuesday-Blitz-February-20-2024"]
[Site "Chess.com"]
[Date "2024.02.20"]
[Round "10"]
[White "Mops_2004"]
[Black "MatthewG-p4p"]
[Result "1-0"]
[WhiteElo "2756"]
[BlackElo "2884"]
[TimeControl "180+1"]
[EndTime "9:57:45 PST"]
[Termination "Mops_2004 won on time"]

1. g3 c5 2. Bg2 g6 3. c4 Bg7 4. Nc3 Nc6 5. d3 e6 6. h4 h6 7. Nf3 Nge7 8. O-O O-O 9. a3 d5 10. Bd2 Kh7 11. Rb1 a5 12. Nb5 Nf5 13. e3 dxc4 14.
dxc4 Qd3 15. Qa4 Nd6 16. Nxd6 Qxd6 17. Bc3 e5 18. Nd2 f5 19. Nb3 Bd7 20. Qb5 Nd4 21.
Qxc5 Ne2+ 22. Kh2 Qxc5 23. Nxc5 Bc6 24. Ne6 Rf7 25. Nxg7 Nxc3 26. bxc3 Bxg2 27. Kxg2 Kxg7 28. Rb5 Rc7 29. Rd1 e4 30. Rd6 Ra6 31. Rxb7 1-0

[Event "Early-Titled-Tuesday-Blitz-February-20-2024"]
[Site "Chess.com"]
[Date "2024.02.20"]
[Round "10"]
[White "Oleksandr_Bortnyk"]
[Black "AnishOnYoutube"]
[Result "0-1"]
[WhiteElo "3071"]
[BlackElo "3049"]
[TimeControl "180+1"]
[EndTime "9:57:46 PST"]
[Termination "AnishOnYoutube won by resignation"]

1. e4 c5 2. c3 Nf6 3. e5 Nd5 4. d4 cxd4 5. Nf3 e6 6. cxd4 d6 7. Bc4 dxe5 8. dxe5 Bb4+ 9. Bd2 O-O 10. O-O Bxd2 11.
Nbxd2 Nf4 12. Ne4 Qxd1 13. Rfxd1 Bd7 14. Rd4 Bc6 15. Rad1 a5 16. h4 h6 17. Nf6+ gxf6 18.
Rxf4 f5 19. Nd4 Rd8 20. Be2 Rd5 21. g4 fxg4 22. Rxg4+ Kf8 23. f4 Nd7 24. Bf3 Rxd4 25. Rxd4 Bxf3 26. Rg3 Bd5 27. b3 Rc8 28. Kf2 Rc2+ 29. Ke3 Rxa2 30. Rd1 Rb2 31. Kd4 a4 32. Rdg1 Rxb3 33. Rg8+ Ke7 34. Ra8 Rb4+ 35. Kc3 Rxf4 36. Rgg8 Nxe5 0-1

[Event "Early-Titled-Tuesday-Blitz-February-20-2024"]
[Site "Chess.com"]
[Date "2024.02.20"]
[Round "10"]
[White "TemploVillamarin"]
[Black "JaackCamel"]
[Result "1-0"]
[WhiteElo "2161"]
[BlackElo "2172"]
[TimeControl "180+1"]
[EndTime "9:57:46 PST"]
[Termination "TemploVillamarin won by resignation"]

1. d4 d5 2. Nc3 e6 3. e4 Bb4 4. exd5 exd5 5. Bd3 Nf6 6. Ne2 O-O 7. O-O Bg4 8. f3 Bh5 9. Nf4 Bg6 10. Nxg6 hxg6 11. Bg5 c6 12. Ne2 Nbd7 13. c3 Bd6 14. Bf4 Qc7 15. Bxd6 Qxd6 16. Qd2 Rae8 17. Qf4 Qxf4 18. Nxf4 Re7 19. Rfe1 Rfe8 20. Kf2 g5 21. Ne2 Nh5 22. g3 Kf8 23. Rad1 g6 24. Nc1 Kg7 25. Bf1 Nhf6 26. h3 Rxe1 27. Rxe1 Rxe1 28. Kxe1 Kf8 29. Nd3 Ke7 30. Kf2 Kd6 31. Ke3 Nb6 32. Nc5 Kc7 33.
f4 gxf4+ 34. Kxf4 Nbd7 35. Nxd7 Nxd7 36. Kg5 Kd6 37. Bd3 Ke6 38. h4 Nf6 39. g4 Ne4+ 40. Kf4 f5 41. gxf5+ gxf5 42. h5 Kf6 43. h6 Kg6 44. h7 Kxh7 45. Kxf5 Nf2 46. Bc2 Kg7 47. Ke6 Ng4 48. Kd7 Ne3 49. Bb3 Kf6 50. Kc7 c5 51. dxc5 b5 52. cxb6 axb6 53. Kxb6 1-0

[Event "Early-Titled-Tuesday-Blitz-February-20-2024"]
[Site "Chess.com"]
[Date "2024.02.20"]
[Round "10"]
[White "cthake"]
[Black "Sofia_Blokhin"]
[Result "0-1"]
[WhiteElo "1783"]
[BlackElo "2232"]
[TimeControl "180+1"]
[EndTime "9:57:47 PST"]
[Termination "Sofia_Blokhin won by resignation"]

1. b3 Nf6 2. Bb2 g6 3. d3 Bg7 4. e4 d6 5. g3 O-O 6. Bg2 e5 7. Ne2 Nc6 8. O-O Ne8 9. h3 f5 10. f4 fxe4 11. dxe4 Be6 12. c4 Qd7 13. g4 exf4 14.
Bxg7 Qxg7 15. Nd2 g5 16. Nf3 Ne5 17. Ned4 Bd7 18. Nf5 Bxf5 19. exf5 Nf6 20. Nxe5 dxe5 21. Bxb7 Rad8 22. Qe2 e4 23. Rad1 f3 24. Qe3 Qh6 25. Rxd8 Rxd8 26. Bxe4 Qxh3 27. Qxf3 Qh4 28. Bd5+ Kg7 29.
Kg2 Qxg4+ 30. Qxg4 Nxg4 31. Kg3 Ne3 32. Rf3 Nxd5 33.
Rd3 c6 34. cxd5 cxd5 35. Kg4 Kf6 36. b4 d4 37. a4 Rd5 38. b5 h5+ 39. Kxh5 Kxf5 40.
Kh6 Ke4 41. Rd1 d3 42. Kg6 d2 43. Kf6 Ke3 44. Ke6 Rd3 45. a5 Ke2 46. Rh1 d1=Q 47. Rxd1 Rxd1 48. b6 axb6 49. axb6 Rb1 0-1

[Event "Early-Titled-Tuesday-Blitz-February-20-2024"]
[Site "Chess.com"]
[Date "2024.02.20"]
[Round "10"]
[White "Joachim100x"]
[Black "Manukyan_Artak"]
[Result "1-0"]
[WhiteElo "2431"]
[BlackElo "2543"]
[TimeControl "180+1"]
[EndTime "9:57:48 PST"]
[Termination "Joachim100x won on time"]

1. Nf3 g6 2. d4 Bg7 3. e4 d6 4. Bc4 e6 5. O-O Ne7 6. Qe2 O-O 7. Nc3 c6 8. e5 d5 9. Bd3 b5 10. Nd1 a5 11. Bg5 h6 12. Bh4 g5 13. Nxg5 hxg5 14.
Bxg5 Qe8 15. Bf6 Nd7 16. Qh5 Ng6 17. Qg5 Nxf6 18. exf6 Qd8 19. Ne3 Qxf6 20. Qh5 Qf4 21. Ng4 f5 22. h3 Nh8 23. Rae1 Qxd4 24. Re3 c5 25. Rg3 Rf6 26. c3 Qxg4 27. hxg4 f4 28. g5 fxg3 29. gxf6 Bxf6 30. Qh7+ Kf8 31. fxg3 1-0

[Event "Early-Titled-Tuesday-Blitz-February-20-2024"]
[Site "Chess.com"]
[Date "2024.02.20"]
[Round "10"]
[White "Arystanner"]
[Black "CristianS27"]
[Result "1-0"]
[WhiteElo "2761"]
[BlackElo "2561"]
[TimeControl "180+1"]
[EndTime "9:57:53 PST"]
[Termination "Arystanner won on time"]

1. e4 e5 2. Nf3 Nc6 3. Bc4 Nf6 4. d3 Bc5 5. O-O d6 6. Re1 a6 7. c3 Ba7 8. a4 h6 9. Nbd2 Nh5 10. Nf1 Qf6 11.
Be3 Nf4 12. Bxa7 Rxa7 13. Ne3 Ne7 14. g3 Nfg6 15. Kg2 h5 16. h4 Bg4 17. Nxg4 hxg4 18.
Ng5 Nxh4+ 19. gxh4 Rxh4 20. Bxf7+ Kf8 21. Qd2 Ng6 22.
Bxg6 Qxg6 23. Rh1 Rxh1 24. Rxh1 Ke7 25. Nh7 Ra8 26. c4 Rh8 27. Qa5 Kd8 28. Qd5 Ke7 29. Qxb7 Kd7 30. c5 Rxh7 31. c6+ Kd8 32. Qb8+ Ke7 33.
Qxc7+ Ke8 34. Qd7+ Kf8 35. c7 Qxe4+ 36. dxe4 1-0

[Event "Early-Titled-Tuesday-Blitz-February-20-2024"]
[Site "Chess.com"]
[Date "2024.02.20"]
[Round "10"]
[White "adotand"]
[Black "GM_Huschenbeth"]
[Result "1-0"]
[WhiteElo "2909"]
[BlackElo "2505"]
[TimeControl "180+1"]
[EndTime "9:57:53 PST"]
[Termination "adotand won by checkmate"]

1. d4 d5 2. Nf3 Nf6 3. Bf4 e6 4. e3 Bd6 5. Nbd2 O-O 6. Bd3 c5 7. c3 Qc7 8. Bxd6 Qxd6 9. Ne5 b6 10. Qe2 a5 11. f4 Ba6 12. Bxa6 Rxa6 13. g4 Nfd7 14.
Nd3 b5 15. h4 b4 16. h5 Rb6 17. h6 g6 18. O-O f6 19. Rac1 Nc6 20. Qg2 bxc3 21. bxc3 c4 22. Nf2 Rb2 23. Rcd1 Rxa2 24. f5 exf5 25. gxf5 g5 26. e4 Ne7 27. e5 fxe5 28. Qxg5+ Kf7 29. Qh5+ Kg8 30. Ng4 Kh8 31. f6 Ng6 32. f7 exd4 33. Rf3 dxc3 34. Nf1 c2 35. Re1 Qb6+ 36. Kh1 Rb2 37. Qf5 Rb1 38. Qxc2 Rxe1 39. Qc3+ d4 40. Qxe1 Qc6 41. Nfh2 c3 42.
Qf2 Rxf7 43. Qxd4+ Kg8 44. Kg1 Rxf3 45. Qg7# 1-0

[Event "Early-Titled-Tuesday-Blitz-February-20-2024"]
[Site "Chess.com"]
[Date "2024.02.20"]
[Round "10"]
[White "gpsji27"]
[Black "masnyszachistaaa"]
[Result "1-0"]
[WhiteElo "2352"]
[BlackElo "2560"]
[TimeControl "180+1"]
[EndTime "9:57:57 PST"]
[Termination "gpsji27 won on time"]

1. d4 f5 2. Nf3 Nf6 3. Bg5 Ne4 4. Bf4 b6 5. Nbd2 Bb7 6. Nxe4 Bxe4 7. e3 e6 8. Bd3 Be7 9. Bxe4 fxe4 10. Nd2 d5 11.
Be5 Bf6 12. Qh5+ g6 13. Qh3 Qe7 14. Bxf6 Qxf6 15. O-O Nd7 16. f3 exf3 17. Nxf3 Qe7 18. Rae1 O-O 19. e4 dxe4 20. Rxe4 Rae8 21. Rfe1 Rf6 22. d5 Nc5 23. Re5 a5 24. dxe6 Rxe6 25. Rxe6 Nxe6 26. Kh1 Qf7 27. Ne5 Qf6 28. g3 Qg7 29.
Ng4 1-0

[Event "Early-Titled-Tuesday-Blitz-February-20-2024"]
[Site "Chess.com"]
[Date "2024.02.20"]
[Round "10"]
[White "tusplingher"]
[Black "djano"]
[Result "0-1"]
[WhiteElo "2474"]
[BlackElo "2661"]
[TimeControl "180+1"]
[EndTime "9:57:58 PST"]
[Termination "djano won by resignation"]

1. e4 c5 2. Nf3 Nc6 3. Bb5 Qa5 4. Bxc6 bxc6 5. O-O g6 6. c3 Bg7 7. d4 d6 8. Nbd2 Nf6 9. Nb3 Qb6 10. e5 Nd5 11. exd6 exd6 12. dxc5 dxc5 13. Re1+ Be6 14. Ng5 O-O 15.
Nxe6 fxe6 16. Be3 Nxe3 17. Rxe3 c4 18. Nd2 Qxb2 19. Rb1 Qxa2 20. Ra1 Qb2 21. Rb1 Qa3 22. Qe2 Qa2 23. Rb7 Rad8 24. Nf1 Qxe2 25. Rxe2 Rf7 26. Rb4 Bxc3 27. Rxc4 Bd4 28. Rxc6 e5 29. Rcc2 a5 30.
Ra2 Ra8 31. Ng3 a4 32. Ne4 a3 33. g3 Rb7 34. Nd6 Rb1+ 35. Kg2 Kg7 36. Nc4 Rb3 37.
Nxe5 Rb2 38. Nc4 Rxe2 39. Rxe2 a2 0-1

[Event "Early-Titled-Tuesday-Blitz-February-20-2024"]
[Site "Chess.com"]
[Date "2024.02.20"]
[Round "10"]
[White "Doublekk14"]
[Black "Shuvalov"]
[Result "0-1"]
[WhiteElo "2310"]
[BlackElo "2514"]
[TimeControl "180+1"]
[EndTime "9:57:58 PST"]
[Termination "Shuvalov won on time"]

1. c4 g6 2. Nc3 Bg7 3. Nf3 c5 4.
e3 Nc6 5. d4 cxd4 6. exd4 Nf6 7. Be2 d5 8. O-O O-O 9. h3 dxc4 10. Bxc4 b6 11. d5 Na5 12. Bb5 Bb7 13. Bg5 a6 14.
Be2 Nxd5 15. Nxd5 Qxd5 16. Qxd5 Bxd5 17. Rad1 Bxa2 18. b4 Nc6 19. b5 axb5 20. Bxb5 Na7 21. Bd7 Bf6 22. Bxf6 exf6 23. Rd2 Be6 24. Bxe6 fxe6 25.
Rd6 Nc8 26. Rxe6 Ra7 27. Rc1 Rb7 28. Rec6 Ne7 29. Rc7 Rfb8 30. Rxb7 Rxb7 31. Nd4 b5 32. Rb1 b4 33. Rb3 Kf7 34. f3 Nd5 35. Kf2 Rc7 36.
Ke2 Rc3 37. Rxc3 bxc3 38. Kd3 Nf4+ 39. Kxc3 Nxg2 40. Ne2 Ke6 41. Kd3 Kf5 42. Kd4 g5 43.
Kd5 Nf4+ 0-1

[Event "Early-Titled-Tuesday-Blitz-February-20-2024"]
[Site "Chess.com"]
[Date "2024.02.20"]
[Round "10"]
[White "BilodeauA"]
[Black "Grandelicious"]
[Result "1-0"]
[WhiteElo "3030"]
[BlackElo "2899"]
[TimeControl "180+1"]
[EndTime "9:57:59 PST"]
[Termination "BilodeauA won by resignation"]

1. e4 c5 2. Nf3 e6 3. Nc3 Nc6 4. h3 a6 5. d4 cxd4 6. Nxd4 Qc7 7. Nxc6 dxc6 8. a4 Nf6 9. Bc4 e5 10. O-O Bc5 11. Qf3 O-O 12. Ne2 Be6 13. Bxe6 fxe6 14.
Ng3 Kh8 15. Qb3 Qf7 16. Be3 Bxe3 17. Qxe3 Rad8 18. a5 Qe7 19. c3 Kg8 20. Rfd1 Rxd1+ 21. Rxd1 Rd8 22. Rxd8+ Qxd8 23. Qc5 Qc7 24. b4 Kf7 25. Kh2 Nd7 26. Qe3 c5 27. Ne2 Qd6 28. bxc5 Qxc5 29. Qd3 Nf6 30. Ng1 Qxa5 31. Nf3 Qc7 32. Qc2 Ke7 33. Nd2 Qc5 34. Nb3 Qc4 35. Nd2 Qe2 36. Qb2 b5 37. Qa3+ Kf7 38. Nf3 Qxe4 39. Ng5+ 1-0

[Event "Early-Titled-Tuesday-Blitz-February-20-2024"]
[Site "Chess.com"]
[Date "2024.02.20"]
[Round "10"]
[White "mjelcic"]
[Black "Actuary44"]
[Result "0-1"]
[WhiteElo "2228"]
[BlackElo "2514"]
[TimeControl "180+1"]
[EndTime "9:57:59 PST"]
[Termination "Actuary44 won by resignation"]

1. d4 Nf6 2. c4 g6 3. Nc3 Bg7 4.
e4 d6 5. Bg5 O-O 6. h3 c5 7.
Nf3 Na6 8. Be2 Qa5 9. Bd2 cxd4 10.
Nxd4 Qb6 11. Nb3 Be6 12. O-O Rac8 13. Nd5 Bxd5 14. exd5 Ne4 15. Be3 Qb4 16. Bd4 Bxd4 17. Qxd4 Nac5 18. Nxc5 Nxc5 19. b3 b5 20. h4 bxc4 21.
bxc4 Rb8 22. h5 Qb2 23. Qe3 Rb4 24. Qxe7 Rb6 25. h6 Qd2 26. Rab1 Ra6 27. f4 Qd4+ 28. Kh1 Rxa2 29. Rbe1 Ne4 30. Kh2 Nf6 31. g3 Re8 32. Qxd6 Raxe2+ 33. Kh3 Rxe1 34. Rxe1 Rxe1 35. Qb8+ Re8 36.
Qxa7 Qxa7 0-1

[Event "Early-Titled-Tuesday-Blitz-February-20-2024"]
[Site "Chess.com"]
[Date "2024.02.20"]
[Round "10"]
[White "AniJak"]
[Black "viktorskliarov"]
[Result "1-0"]
[WhiteElo "2378"]
[BlackElo "2576"]
[TimeControl "180+1"]
[EndTime "9:58:00 PST"]
[Termination "AniJak won by resignation"]

1. e4 c5 2. Nc3 Nc6 3. g3 g6 4. Bg2 Bg7 5. d3 d6 6. Nh3 h5 7.
Be3 Nd4 8. Nf4 h4 9. g4 e5 10.
Nfd5 h3 11. Bf1 Nf6 12. Rg1 Nxd5 13. Nxd5 Be6 14. c3 Nc6 15. Qd2 Bxd5 16. exd5 Ne7 17.
c4 Qd7 18. f4 exf4 19. Bxf4 O-O-O 20. O-O-O Rde8 21. Rg3 Kc7 22. Qa5+ Kb8 23. Qxc5 Be5 24. Bxe5 dxe5 25. Bxh3 Rc8 26. Qe3 Nxd5 27. Qxe5+ Ka8 28. g5 Rxh3 29. Rxh3 Qxh3 30. Qxd5 Qxh2 31. Qd7 Qf4+ 32.
Kb1 Rh8 33. Re1 a6 34. Re8+ Rxe8 35. Qxe8+ Ka7 36. Qd8 Qd2 37. Qd4+ Ka8 38. Qd8+ Ka7 39. a3 Qxg5 40. Qxg5 1-0

[Event "Early-Titled-Tuesday-Blitz-February-20-2024"]
[Site "Chess.com"]
[Date "2024.02.20"]
[Round "10"]
[White "N4700000"]
[Black "Viktor_Poddubnyi"]
[Result "1-0"]
[WhiteElo "2457"]
[BlackElo "2293"]
[TimeControl "180+1"]
[EndTime "9:58:01 PST"]
[Termination "N4700000 won by resignation"]

1. e4 g6 2. d4 Bg7 3. Bc4 c6 4. Nc3 Nf6 5. e5 Ng8 6. Qf3 e6 7. Ne4 f5 8. Nd6+ Kf8 9. h4 h6 10. h5 g5 11. g4 f4 12. Bxf4 gxf4 13. Qxf4+ Nf6 14. exf6 Qxf6 15. Qxf6+ Bxf6 16. Nxc8 d5 17. Bd3 Bxd4 18. Nd6 Bxb2 19. Rb1 Bc3+ 20. Kf1 b6 21. Bg6 Ke7 22. Nf7 Nd7 23. Nxh8 Rxh8 24. Rh3 Bf6 25. Ra3 a5 26. Nf3 Ra8 27. Re3 Kd6 28. Rbe1 e5 29.
Bf5 e4 30. Bxe4 dxe4 31. Rxe4 Nc5 32. Rf4 Bc3 33. Re3 Bg7 34. Nd4 a4 35. Nf5+ 1-0

[Event "Early-Titled-Tuesday-Blitz-February-20-2024"]
[Site "Chess.com"]
[Date "2024.02.20"]
[Round "10"]
[White "emeli_chess"]
[Black "ZuraTqebuchava"]
[Result "1-0"]
[WhiteElo "2412"]
[BlackElo "2273"]
[TimeControl "180+1"]
[EndTime "9:58:02 PST"]
[Termination "emeli_chess won on time"]

1. d4 g6 2. c4 Bg7 3. Nc3 d6 4. e4 e5 5. d5 f5 6. exf5 gxf5 7. Qh5+ Kf8 8. Qd1 Nf6 9. f3 f4 10. Bd3 Na6 11. Nge2 Nc5 12. Qc2 Nxd3+ 13. Qxd3 a6 14. Bd2 Qe8 15. Ne4 Qg6 16. N2c3 Bf5 17. O-O-O Nxe4 18. Nxe4 Bxe4 19. Qxe4 Qxe4 20. fxe4 Ke7 21. Rdf1 Rhf8 22.
Rf3 Bh8 23. g3 fxg3 24. Rxg3 Rf2 25. Rh3 Rf7 26. Rg1 Raf8 27. Rg4 Bf6 28. Rh5 b6 29. Bh6 Rb8 30. Kc2 b5 31. b3 bxc4 32. bxc4 Bh8 33. Be3 Kd7 34. Rgh4 Kc8 35. Rxh7 Rxh7 36. Rxh7 Kb7 37.
c5 dxc5 38. d6 Kc6 39. d7 Bf6 40. Rh6 Rf8 41. Rxf6+ 1-0

[Event "Early-Titled-Tuesday-Blitz-February-20-2024"]
[Site "Chess.com"]
[Date "2024.02.20"]
[Round "10"]
[White "pr1105"]
[Black "lluiss"]
[Result "1-0"]
[WhiteElo "2360"]
[BlackElo "2161"]
[TimeControl "180+1"]
[EndTime "9:58:02 PST"]
[Termination "pr1105 won on time"]

1. e4 e6 2. d4 d5 3. Nc3 Nf6 4. e5 Nfd7 5. f4 g6 6. Nf3 h5 7. Be3 Be7 8. Qd2 b6 9. O-O-O Ba6 10. Bxa6 Nxa6 11. g3 c5 12. h3 Nb4 13. g4 Nc6 14. f5 cxd4 15. Bxd4 Nxd4 16. Qxd4 Nc5 17. fxg6 fxg6 18. gxh5 Rxh5 19. h4 Qd7 20. Rhg1 O-O-O 21. Rxg6 Bxh4 22. Nxh4 Qh7 23. Rg4 Rh8 24. Nf3 Rh1 25.
b3 Qh3 26. Rxh1 Qxh1+ 27. Ng1 1-0

[Event "Early-Titled-Tuesday-Blitz-February-20-2024"]
[Site "Chess.com"]
[Date "2024.02.20"]
[Round "10"]
[White "Maxfan2008"]
[Black "DarZay"]
[Result "0-1"]
[WhiteElo "2519"]
[BlackElo "2318"]
[TimeControl "180+1"]
[EndTime "9:58:03 PST"]
[Termination "DarZay won on time"]

1. d4 d5 2. c4 e6 3. Nc3 Be7 4. cxd5 exd5 5. Bf4 c6 6. e3 Bf5 7. Nf3 Nf6 8. h3 Qb6 9. Bd3 Qxb2 10. O-O Bc8 11.
Rc1 O-O 12. Ne5 Nbd7 13. Bh2 Qa3 14. f4 Bb4 15. Ne2 Ne4 16. f5 Bd2 17. Rb1 Bxe3+ 18. Kh1 Nf2+ 19. Rxf2 Bxf2 20. Nf4 Bxd4 21. Nxd7 Bxd7 22.
Qh5 Bf6 23. Rf1 Rfe8 24. g4 h6 25. h4 Qe7 26. g5 hxg5 27. hxg5 Bxg5 28. f6 Qxf6 29.
Qh7+ Kf8 30. Ng6+ fxg6 31. Bd6+ Kf7 32. Bxg6+ Ke6 33. Rxf6+ Bxf6 34. Bxe8 Rxe8 35. Bf4 g5 36. Qh3+ Ke7 37. Qh7+ Kd8 38. Bg3 Rh8 39. Qxh8+ Bxh8 0-1

[Event "Early-Titled-Tuesday-Blitz-February-20-2024"]
[Site "Chess.com"]
[Date "2024.02.20"]
[Round "10"]
[White "KorolDimitriy75"]
[Black "ACollins05"]
[Result "0-1"]
[WhiteElo "2436"]
[BlackElo "2580"]
[TimeControl "180+1"]
[EndTime "9:58:05 PST"]
[Termination "ACollins05 won on time"]

1. d4 d5 2. c4 e6 3. Nc3 Be7 4. cxd5 exd5 5. Bf4 c6 6. e3 Bf5 7. g4 Be6 8. h4 Bxh4 9. Qb3 g5 10. Be5 f6 11. Qxb7 fxe5 12. Qxa8 exd4 13. exd4 Qc7 14.
Ba6 Nf6 15. Nf3 Nxg4 16. Nxh4 gxh4 17. Qb7 Qxb7 18. Bxb7 Kd7 19. Rc1 Kc7 20. Ba8 Rf8 21. Rxh4 Nxf2 22. Rxh7+ Kd6 23. Ne2 Nd3+ 24. Kd2 Nxc1 25.
Nxc1 Nd7 26. Bb7 Rf2+ 27. Kc3 Bf5 28. Nb3 Rc2+ 29. Kb4 Bxh7 30. Ba8 Kc7 0-1

[Event "Early-Titled-Tuesday-Blitz-February-20-2024"]
[Site "Chess.com"]
[Date "2024.02.20"]
[Round "10"]
[White "dianamirza"]
[Black "Yushko_Olga"]
[Result "0-1"]
[WhiteElo "1986"]
[BlackElo "2187"]
[TimeControl "180+1"]
[EndTime "9:58:06 PST"]
[Termination "Yushko_Olga won by resignation"]

1. e4 e6 2. d3 d5 3. Nd2 Nf6 4. Ngf3 c5 5. g3 Be7 6. Bg2 O-O 7. O-O Nc6 8. Re1 Qc7 9. h4 b5 10. Nf1 Bb7 11. e5 Nd7 12. Bf4 a5 13. h5 Qb6 14.
N1h2 b4 15. Ng4 a4 16. a3 b3 17. c3 d4 18. c4 Bd8 19. Ng5 h6 20. Nxh6+ gxh6 21.
Nxe6 fxe6 22. Bxh6 Rf7 23. Qg4+ Kh8 24. Qxe6 Ncxe5 25. Rxe5 Nxe5 26. Qxe5+ Bf6 27. Qf5 Bxg2 28. Kxg2 Qb7+ 29.
f3 Qd7 30. Qxc5 Rc8 31. Qa5 Bg7 32. Bxg7+ Rxg7 33. Qe5 Qc7 34. Qxc7 Rcxc7 35. Re1 Rce7 36. Rxe7 Rxe7 37. Kf2 Re3 38. g4 Rxd3 39. f4 Rd2+ 40. Kf3 Rxb2 41. Ke4 Rg2 42. g5 b2 43. Kxd4 b1=Q 44.
g6 Qd1+ 45. Ke5 Qxh5+ 46. Kf6 Rxg6+ 0-1

[Event "Early-Titled-Tuesday-Blitz-February-20-2024"]
[Site "Chess.com"]
[Date "2024.02.20"]
[Round "10"]
[White "ckgchess"]
[Black "BogdanDeac"]
[Result "1-0"]
[WhiteElo "2897"]
[BlackElo "3042"]
[TimeControl "180+1"]
[EndTime "9:58:09 PST"]
[Termination "ckgchess won by resignation"]

1. e4 e5 2. Nf3 Nc6 3. Bc4 Nf6 4.
Ng5 d5 5. exd5 Na5 6. Bb5+ c6 7. dxc6 bxc6 8. Bd3 Nd5 9. Nf3 Bd6 10. O-O O-O 11. Re1 Re8 12. Nc3 f5 13. Bf1 e4 14.
Nd4 Be5 15. Nb3 Nb7 16. d4 Bc7 17. Ne2 a5 18. c4 Nb4 19. Ng3 a4 20. Nd2 Qxd4 21. a3 Bb6 22. Nh1 Nd3 23. Nf3 Qd8 24.
Bxd3 exf3 25. Rxe8+ Qxe8 26. Qxf3 Qe1+ 27. Bf1 Bd7 28. b4 axb3 29. Bb2 Qe6 30. Qxb3 c5 31. Ng3 Na5 32. Qc3 Qg6 33. Rd1 Be6 34. Rd6 Bc7 35. Rxe6 1-0